 Dungeon Crawl Stone Soup version 0.24.0-35-gdb84b6a5db (webtiles) character file.

Game seed: 10391282862249028563, levelgen mode: deterministic

55 FishyPogo the Grave Robber (level 3, -5/24 HPs)
             Began as a Demonspawn Necromancer on Nov 17, 2019.
             Slain by Sigmund
             ... wielding a +0 scythe
              (12 damage)
             ... on level 2 of the Dungeon.
             The game lasted 00:08:30 (1439 turns).

FishyPogo the Grave Robber (Demonspawn Necromancer) Turns: 1439, Time: 00:08:31

Health: -5/24      AC:  9    Str: 13    XL:     3   Next: 67%
Magic:  6/6        EV: 12    Int: 17    God:
Gold:   112        SH:  0    Dex: 13    Spells: 1/6 levels left

rFire    . . .     SeeInvis .   n - +3 dagger
rCold    . . .     Gourm    .   (no shield)
rNeg     . . .     Faith    .   a - +0 robe
rPois    .         Spirit   .   (no helmet)
rElec    .         Reflect  .   q - +0 cloak
rCorr    .         Harm     .   (no gloves)
MR       .....                  (no boots)
Stlth    ++........             (no amulet)
HPRegen  0.08/turn              (no ring)
MPRegen  0.10/turn              (no ring)

@: mighty, sanguine armour, berserk cooldown, very slightly contaminated,
hasted, very quick
A: talons 1, sanguine armour 1
a: no special abilities


You were on level 2 of the Dungeon.
You were very hungry.

You visited 1 branch of the dungeon, and saw 2 of its levels.

You collected 112 gold pieces.

Inventory:

Hand Weapons
 n - a +3 dagger (weapon)
Missiles
 j - 43 stones (quivered)
Armour
 a - a +0 robe (worn)
 q - a +0 cloak (worn)
Scrolls
 e - 2 scrolls of identify {unknown}
 f - 2 scrolls of remove curse {unknown}
 k - a scroll of fog {unknown}
 l - 2 scrolls of magic mapping {unknown}
 m - a scroll of immolation {unknown}
 p - a scroll of teleportation {unknown}
Potions
 b - a potion of berserk rage
 g - a potion of magic {unknown}
 h - a potion of lignification
 i - a potion of invisibility
 r - a potion of curing {unknown}
Comestibles
 c - 2 rations


   Skills:
 + Level 0.4 Short Blades
 + Level 2.2 Dodging
 - Level 2.0 Stealth
 + Level 2.4 Spellcasting
 * Level 5.1 Necromancy


You had one spell level left.
You knew the following spells:

 Your Spells              Type           Power        Failure   Level  Hunger
a - Pain                  Necr           ###.         2%          1    #......
c - Vampiric Draining     Necr           ###.......   7%          3    ###....
y - Animate Skeleton      Necr           N/A          2%          1    #......

Your spell library contained the following spells:

 Spells                   Type           Power        Failure   Level  Hunger
 Regeneration             Chrm/Necr      ##........   19%         3    ###....
 Animate Dead             Necr           N/A          22%         4    #####..


Dungeon Overview and Level Annotations

Branches:
Dungeon (2/15)

Altars:
Elyvilon
Gozag
Qazlal
Zin
The Shining One

Annotations:
D:2 Sigmund


Innate Abilities, Weirdness & Mutations

You have sharp toenails.
When seriously injured, your bleeding wounds create armour. (AC +6)


Message History

You feel very mighty all of a sudden.
Your transformation is almost over.
You hear some strange, mumbled words.
A puff of flame appears from out of thin air!
The puff of flame hits you but does no damage.
Something hits you but does no damage. Something hits you but does no damage.
Something hits you but does no damage.
It was a potion of haste.
You feel yourself speed up.
You hear some strange, mumbled words.
A puff of flame appears from out of thin air!
The puff of flame hits you but does no damage.
Something hits you but does no damage. Something hits you but does no damage.
You feel yourself speed up. Something hits you but does no damage.
You feel less wooden.
Your +0 cloak unmelds from your body.
Your +0 robe unmelds from your body.
Your blood congeals into armour.
Something hits you!
Ouch! That really hurt!
You die...

............................
...........................#
.....#..........#.##.......#
.....#.....................#
...........................#
....#.......##..#..#.......#
....#.......# #.#.##.......#
..........#..##.#.##..####.#
..........#...).@.....# #.#
..........#...........####.##
.........##.................#
.......#.##.................#
.......#....#...............#
.......#.รท..#.##............#
............................#
###.........................#
###.....................#####


There were no monsters in sight!

Vanquished Creatures
  An adder (D:2)
  An ooze (D:1)
  A dart slug (D:1)
  A leopard gecko (D:1)
  7 bats
  A giant cockroach (D:1)
  5 goblins
  7 hobgoblins
  A quokka (D:2)
  7 kobolds
  7 rats
39 creatures vanquished.

Vanquished Creatures (collateral kills)
  A giant cockroach (D:1)
1 creature vanquished.

Grand Total: 40 creatures vanquished

Notes
Turn   | Place    | Note
-------+----------+-------------------------------------------
     0 | D:1      | FishyPogo the Demonspawn Necromancer began the quest for
                  | the Orb.
     0 | D:1      | Reached XP level 1. HP: 13/13 MP: 3/3
   125 | D:1      | Learned a level 1 spell: Animate Skeleton
   165 | D:1      | Gained mutation: When seriously injured, your bleeding
                  | wounds create armour. (AC +6) [demonic ancestry]
   165 | D:1      | Reached XP level 2. HP: 11/19 MP: 5/5
   513 | D:1      | Gained mutation: You have sharp toenails. [demonic
                  | ancestry]
   513 | D:1      | Reached XP level 3. HP: 18/24 MP: 4/6
   679 | D:1      | Learned a level 3 spell: Vampiric Draining
  1005 | D:2      | Reached skill level 5 in Necromancy
  1092 | D:2      | Found a white marble altar of Elyvilon.
  1100 | D:2      | Found a glowing silver altar of Zin.
  1104 | D:2      | Found an opulent altar of Gozag.
  1106 | D:2      | Found a glowing golden altar of the Shining One.
  1114 | D:2      | Found a stormy altar of Qazlal.
  1167 | D:2      | Noticed Sigmund
  1439 | D:2      | Slain by Sigmund

Levels and vault maps discovered:
D:1:      grunt_arrival_lava_bath, layout_basic
D:2:      layout_basic, grunt_temple_overflow_open, serial_glass,
          glass_columns_a, glass_columns_c, elyvilon_altar_5, uniq_natasha,
          uniq_sigmund

Skill      XL: |  1  2  3 |
---------------+----------+-----
Stealth        | 2 |  2.0
Dodging        | 2 |  2.2
Necromancy     | 5 |  5.1
Short Blades   | |  0.4
Spellcasting   | |  2.4

Action                   || total
-------------------------++-------
Melee: Mace              ||    26
       Unarmed           ||     5
       Dagger            ||    48
       Kick              ||     3
 Cast: Pain              ||    24
       Animate Skeleton  ||     3
       Vampiric Draining ||     1
  Use: Potion            ||     5
 Stab: Sleeping          ||     9
  Eat: Chunk             ||     1
Armor: Robe              ||    15
       Skin              ||     9
Dodge: Dodged            ||    49
